 Dungeon Crawl Stone Soup version 0.19.1 (webtiles) character file.

625 Firecrotchwizard the Conjurer (level 7, -2/36 HPs)
             Began as a Deep Elf Conjurer on Dec 15, 2016.
             Slain by a worker ant (6 damage)
             ... on level 4 of the Dungeon.
             The game lasted 00:13:53 (4009 turns).

Firecrotchwizard the Conjurer (Deep Elf Conjurer)   Turns: 4009, Time: 00:13:54

Health: -2/36      AC:  3    Str:  6    XL:     7   Next: 23%
Magic:  1/18       EV: 15    Int: 21    God:
Gold:   90         SH:  0    Dex: 15    Spells: 4 memorised, 6 levels left

rFire  . . .     SeeInvis .     w - +0 dagger (flame)
rCold  . . .     Gourm    .     a - +1 robe
rNeg   . . .     Faith    .     (no shield)
rPois  .         Spirit   .     (no helmet)
rElec  .         Reflect  .     (no cloak)
rCorr  .         Harm     .     (no gloves)
MR     .....                    (no boots)
Stlth  ++........               x - amulet of rage
                                (no ring)
                                y - +2 ring of slaying

@: lethally poisoned (-2 -> -9), very slightly contaminated
A: no striking features
a: Evoke Berserk Rage


You were on level 4 of the Dungeon.
You were hungry.

You visited 1 branch of the dungeon, and saw 4 of its levels.

You collected 90 gold pieces.

Inventory:

Hand Weapons
 e - a +0 short sword
 h - a +0 spear
 w - a +0 dagger of flaming (weapon)
Armour
 a - a +1 robe (worn)
 f - a +0 robe
 t - a +0 helmet
Jewellery
 x - an amulet of rage (around neck)
 y - a +2 ring of slaying (left hand)
Scrolls
 i - 3 scrolls of teleportation
 k - a scroll of fog
 l - 2 scrolls of recharging
 n - 3 scrolls of identify
 v - a scroll of amnesia
Potions
 g - a potion of ambrosia
 j - a potion of resistance {unknown}
 m - a potion of agility {unknown}
 o - a potion of heal wounds {unknown}
 p - a potion of haste {unknown}
 q - a potion of flight {unknown}
 r - a potion of might {unknown}
 u - a potion of brilliance {unknown}
Books
 b - a book of Conjurations

   Spells                             Type                      Level
   a - Magic Dart                     Conjuration                  1
   b - Searing Ray                    Conjuration                  2
   c - Dazzling Spray                 Conjuration/Hexes            3
   d - Fulminant Prism                Conjuration/Hexes            4
   e - Iskenderun's Mystic Blast      Conjuration                  4
   f - Iskenderun's Battlesphere      Conjuration/Charms           5
Comestibles
 c - 2 bread rations
 d - 4 meat rations
 s - a chunk of flesh


   Skills:
 + Level 5.0 Dodging
 - Level 2.4 Stealth
 + Level 6.2 Spellcasting
 * Level 7.4 Conjurations


You had 6 spell levels left.
You knew the following spells:

 Your Spells              Type           Power        Failure   Level  Hunger
a - Magic Dart            Conj           ####         1%          1    None
b - Searing Ray           Conj           #####.       1%          2    None
c - Iskenderun's Mystic   Conj           #####...     4%          4    ###....
d - Iskenderun's Battles  Conj/Chrm      ###.....     67%         5    #####..


Dungeon Overview and Level Annotations

Branches:
Dungeon (4/15)
 Temple: D:4-7

Altars:
Dithmenos

Annotations:
D:3 saintsgambit's ghost, amateur MiFi


Message History

Press: ? - help, Shift-Dir - straight line, f - worker ant, p - orc
Aim: a worker ant The orb of energy hits the orc.
You kill the orc!
The orb of energy explodes!
You hear a shout!
Casting: Iskenderun's Mystic Blast
Confirm with . or Enter, or press ? or * to list all spells.
Aiming: Iskenderun's Mystic Blast
Press: ? - help, Shift-Dir - straight line, f/p - worker ant
Aim: a worker ant The orb of energy hits the worker ant.
The worker ant is almost dead.
The orb of energy explodes!
The mystic blast hits the orc wizard.
The orc wizard is almost dead.
The worker ant bites you.
* * * LOW HITPOINT WARNING * * *
You are lethally poisoned!
The worker ant poisons you! The worker ant bites you.
You die...

.##(.##...........#
..##..#...........#
......#...........#
.##..##...........#
..####............#
..................#
.###..............#
.# #############'##
.########## #@#
.'o.a.....# #a#
.########o######o#
,* #....a...# ,*
########## ,* ,* ,*
**


You could see a worker ant and an orc wizard.

Vanquished Creatures
  2 phantoms (D:4)
  A scorpion (D:4)
  A water moccasin skeleton (D:4)
  An orc wizard (D:4)
  An orc priest (D:4)
  A gnoll shaman (D:4)
  Jessica (D:2)
  A worker ant (D:4)
  A hound skeleton (D:4)
  7 gnolls
  5 adders
  An ooze (D:1)
  2 worms
  A dart slug (D:3)
  2 leopard geckos
  10 orcs
  2 giant cockroaches
  7 goblins
  5 hobgoblins
  2 jackals (D:2)
  2 quokkas
  2 ball pythons
  8 bats
  3 frilled lizards
  8 kobolds
  3 rats
80 creatures vanquished.

Notes
Turn   | Place    | Note
-------+----------+-------------------------------------------
     0 | D:1      | Firecrotchwizard the Deep Elf Conjurer began the quest for the Orb.
     0 | D:1      | Reached XP level 1. HP: 10/10 MP: 6/6
   468 | D:1      | Reached XP level 2. HP: 15/15 MP: 5/8
   543 | D:1      | Learned a level 2 spell: Searing Ray
  1275 | D:2      | Reached XP level 3. HP: 19/19 MP: 3/10
  1346 | D:2      | Noticed Jessica
  1367 | D:2      | Killed Jessica
  1367 | D:2      | Reached skill level 5 in Conjurations
  1371 | D:2      | Reached XP level 4. HP: 24/24 MP: 1/12
  1915 | D:2      | Learned a level 4 spell: Iskenderun's Mystic Blast
  2064 | D:3      | Found a shadowy altar of Dithmenos.
  2171 | D:3      | Reached XP level 5. HP: 28/28 MP: 7/14
  2471 | D:3      | Noticed saintsgambit's ghost (amateur MiFi)
  2627 | D:4      | Noticed a phantom
  2641 | D:4      | Killed a phantom
  2641 | D:4      | Reached skill level 5 in Spellcasting
  2641 | D:4      | Reached skill level 6 in Conjurations
  2733 | D:4      | Reached XP level 6. HP: 32/32 MP: 6/16
  2863 | D:4      | Learned a level 5 spell: Iskenderun's Battlesphere
  3340 | D:4      | Reached skill level 7 in Conjurations
  3498 | D:4      | Reached XP level 7. HP: 22/36 MP: 0/17
  3808 | D:4      | Reached skill level 5 in Dodging
  4009 | D:4      | Slain by a worker ant

Skill      XL: |  1  2  3  4  5  6  7 |
---------------+----------------------+-----
Dodging        | 3 4 5 |  5.0
Spellcasting   | 4 5 6 |  6.2
Conjurations   | 5 6 7 |  7.4
Stealth        | |  2.4

Action                   |  1- 3 |  4- 6 |  7- 9 || total
-------------------------+-------+-------+-------++-------
Melee: Dagger            |       |       |     6 ||     6
 Cast: Magic Dart        |    59 |   159 |    29 ||   247
       Iskenderun's Myst |       |     4 |     2 ||     6
       Searing Ray       |       |     1 |       ||     1
  Use: Scroll            |     7 |     2 |     2 ||    11
  Eat: Chunk             |     1 |     6 |     1 ||     8
       Beef jerky        |       |     1 |       ||     1
Armor: Robe              |     1 |     2 |       ||     3
Dodge: Dodged            |     2 |    15 |     4 ||    21
